 Dungeon Crawl Stone Soup version 0.26-a0-597-gb535b0901c (webtiles) character file.

Game seed: 14790752836320348382

2060 Lanoc the Slasher (level 9, -12/46 HPs)
             Began as a Vine Stalker Fighter on Aug 27, 2020.
             Was a Believer of Zin.
             Mangled by a white ugly thing (24 damage)
             ... on level 6 of the Dungeon.
             The game lasted 00:09:40 (3748 turns).

Lanoc the Slasher (Vine Stalker Fighter)            Turns: 3748, Time: 00:09:41

Health: -12/46     AC: 14    Str: 19    XL:     9   Next: 25%
Magic:  0/12       EV:  5    Int:  8    God:    Zin [**....]
Gold:   167        SH: 10    Dex: 17    Spells: 8/8 levels left

rFire    . . .     SeeInvis .   d - +1 scimitar (holy)
rCold    . . .     Faith    .   c - +0 kite shield
rNeg     . . .     Spirit   +   t - +0 plate armour (curse)
rPois    .         Reflect  .   (no helmet)
rElec    .         Harm     .   v - +1 cloak
rCorr    .                      (no gloves)
MR       +....                  (no boots)
Stlth    ..........             q - amulet of magic regeneration
HPRegen  0.55/turn              (no ring)
MPRegen  0.38/turn              (no ring)

@: no status effects
A: fangs 3, regeneration 1, magic shield, antimagic bite, no potion heal 3, rot
immunity
a: Recite, Vitalisation, Donate Gold, Renounce Religion


You were on level 6 of the Dungeon.
You worshipped Zin.
Zin was pleased with you.
You visited 1 branch of the dungeon, and saw 6 of its levels.

You collected 185 gold pieces.
You donated 18 gold pieces to Zin.

Inventory:

Hand Weapons
 d - a +1 scimitar of holy wrath (weapon)
Armour
 c - a +0 kite shield (worn)
 t - a cursed +0 plate armour (worn)
 v - a +1 cloak (worn)
 x - +0 acid dragon scales
Jewellery
 q - an amulet of magic regeneration (around neck)
Wands
 a - a wand of iceblast (4)
 k - a wand of paralysis (8)
 s - a wand of flame (13)
 w - a wand of digging (7)
Scrolls
 e - 4 scrolls of remove curse {unknown}
 f - 6 scrolls of identify {unknown}
 h - 2 scrolls of immolation {unknown}
 i - a scroll of enchant weapon {unknown}
 j - a scroll of blinking {unknown}
 l - 3 scrolls of teleportation {unknown}
 n - 2 scrolls of amnesia {unknown}
 p - a scroll of fear {unknown}
 u - a scroll of noise {unknown}
Potions
 b - a potion of lignification
 g - a potion of brilliance {unknown}
 m - a potion of heal wounds {unknown}
 o - 2 potions of curing
 r - a potion of resistance {unknown}


   Skills:
 + Level 4.9 Fighting
 * Level 6.1 Long Blades
 + Level 4.4 Armour
 + Level 3.5 Dodging
 + Level 4.9 Shields
 + Level 3.9 Invocations


You had 8 spell levels left.
You didn't know any spells.
Your spell library was empty.

Dungeon Overview and Level Annotations

Branches:
Dungeon (6/15)
 Temple: D:4-7

Altars:
Makhleb
Qazlal
Zin

Annotations:
D:3 2 transporters, Sapher's ghost, weakling DDFi
D:6 3 runed translucent doors, Sassenached's ghost, novice HuWn


Innate Abilities, Weirdness & Mutations

You have razor-sharp teeth.
Your natural rate of healing is unusually fast.
When hurt, damage is shared between your health and your magic reserves.
Your bite disrupts and absorbs the magic of your enemies.
Potions cannot restore your health.
You are immune to rotting.


Message History

An orc wizard appears from thin air!
Reactivating autopickup.
You see here a +0 long sword.
The white ugly thing bites you!
* * * LOW HITPOINT WARNING * * *
The white ugly thing freezes you!
* * * LOW HITPOINT WARNING * * *
You see here a +0 mace.
The orc wizard casts a spell.
The orc wizard flickers and vanishes!
Deactivating autopickup; reactivate with Ctrl-A.
You block the white ugly thing's attack.
You are ready to recite again.
The white ugly thing bites you but does no damage.
Found a stone staircase leading down.
The white ugly thing bites you.
* * * LOW HITPOINT WARNING * * *
The white ugly thing freezes you!!
Ouch! That really hurt!
You die...

.#####.##.#### .#
#.##.##.. .#
#....##.# .#
#######.# # .######
#.# .# ......#
#.####.# #####.#
#.#.... # #.#
##.##.##### # #.#
#....u@...# ## #.#
#.#.#.###.# .# #.#
#.#.#.#<# .#
#.#####.#.#.#.# .#
#.#.....#.#...#
.####.#.##..#.#####.
..)..........).....>#
..###.#....########.#
#[###.#...[#


You could see a white ugly thing.

Vanquished Creatures
  Maggie (D:6)
  Prince Ribbit (D:5)
  Menkaure (D:6)
  An orc warrior (D:6)
  A phantom (D:4)
  A black bear (D:6)
  5 ogres
  A bullfrog (D:6)
  4 wights (D:6)
  A bullfrog zombie (D:6)
  A hound (D:5)
  Crazy Yiuf (D:5)
  A centaur zombie (D:6)
  A jelly (D:5)
  4 orc priests
  2 orc wizards (D:6)
  5 worker ants (D:4)
  A hound zombie (D:6)
  A howler monkey skeleton (D:4)
  An adder (D:3)
  An ufetubus (D:6)
  An ooze (D:3)
  An adder skeleton (D:6)
  2 adder zombies
  4 leopard geckos
  17 orcs
  A giant cockroach (D:4)
  2 goblins
  A hobgoblin (D:3)
  2 quokkas
  A ball python (D:4)
  A bat (D:2)
69 creatures vanquished.

Vanquished Creatures (others)
  A fungus (D:5)
1 creature vanquished.

Grand Total: 70 creatures vanquished

Notes
Turn   | Place    | Note
-------+----------+-------------------------------------------
     0 | D:1      | Lanoc the Vine Stalker Fighter began the quest for the Orb.
     0 | D:1      | Reached XP level 1. HP: 11/11 MP: 2/2
   109 | D:3      | Reached skill level 2 in Long Blades
   109 | D:3      | Reached XP level 2. HP: 6/16 MP: 0/3
   564 | D:3      | Found a transporter.
   565 | D:3      | Found a transporter.
   565 | D:3      | Noticed Sapher's ghost (weakling DDFi)
   621 | D:3      | Found a glowing silver altar of Zin.
   625 | D:3      | Became a worshipper of Zin the Law-Giver
   914 | D:3      | Reached XP level 3. HP: 19/19 MP: 4/4
   970 | D:3      | Found a stormy altar of Qazlal.
  1454 | D:4      | Noticed an ogre
  1474 | D:4      | Noticed an ogre
  1721 | D:4      | Gained mutation: Your natural rate of healing is unusually
                  | fast. [Vine Stalker growth]
  1721 | D:4      | Reached XP level 4. HP: 20/24 MP: 5/5
  1761 | D:4      | Noticed a phantom
  1786 | D:4      | Reached skill level 1 in Dodging
  1805 | D:4      | Killed a phantom
  1805 | D:4      | Reached skill level 3 in Long Blades
  1805 | D:4      | Reached skill level 1 in Invocations
  1805 | D:4      | Reached XP level 5. HP: 13/28 MP: 4/6
  1876 | D:4      | Noticed an ogre
  1884 | D:4      | Killed an ogre
  1884 | D:4      | Reached XP level 6. HP: 32/32 MP: 6/8
  1912 | D:4      | Reached * piety under Zin
  1985 | D:4      | HP: 1/32 [ogre/+0 giant spiked club (20)]
  2039 | D:3      | Reached skill level 4 in Long Blades
  2039 | D:3      | Reached XP level 7. HP: 20/37 MP: 7/9
  2311 | D:5      | Entered Level 5 of the Dungeon
  2350 | D:5      | Found a burning altar of Makhleb.
  2381 | D:5      | Found a runed translucent door.
  2382 | D:5      | Noticed Crazy Yiuf
  2429 | D:5      | Killed Crazy Yiuf
  2545 | D:5      | Noticed Prince Ribbit
  2756 | D:5      | Gained mutation: You have razor-sharp teeth. [Vine Stalker
                  | growth]
  2756 | D:5      | Reached XP level 8. HP: 31/42 MP: 7/10
  2817 | D:5      | Killed Prince Ribbit
  2817 | D:5      | Reached skill level 5 in Long Blades
  3064 | D:6      | Noticed Maggie
  3102 | D:6      | Killed Maggie
  3186 | D:6      | Reached ** piety under Zin
  3196 | D:6      | Reached XP level 9. HP: 18/46 MP: 3/12
  3251 | D:6      | Found a runed translucent gate.
  3252 | D:6      | Found a runed translucent gate.
  3253 | D:6      | Found a runed translucent gate.
  3255 | D:6      | Noticed Sassenached's ghost (novice HuWn)
  3319 | D:6      | Noticed Menkaure
  3325 | D:6      | Killed Menkaure
  3325 | D:6      | Reached skill level 6 in Long Blades
  3368 | D:6      | Noticed a white ugly thing
  3748 | D:6      | Mangled by a white ugly thing

Illustrated notes

Levels and vault maps discovered:
D:1:      moated_graveyard_arrival, layout_loops_corners, minmay_vboxes
D:2:      layout_rooms, overflow_temple_1_default,
          gammafunk_temple_overflow_wave, nicolae_overflow_crystal_walls,
          minmay_quantized
D:3:      layout_loops_ring, zin_scriptorium, nicolae_qazlal_eye_of_the_storm,
          gammafunk_ghost_arena
D:4:      layout_basic
D:5:      layout_basic, marbit_many_paths, uniq_prince_ribbit1,
          uniq_crazy_yiuf_cottage
D:6:      layout_basic, gammafunk_ghost_necromancy, minmay_manual_mess,
          uniq_maggie, uniq_menkaure

Skill      XL: |  1  2  3  4  5  6  7  8  9 |
---------------+----------------------------+-----
Long Blades    | 2 3 4 5 6 |  6.1
Shields        | 3 4 |  4.9
Fighting       | 3 4 |  4.9
Dodging        | 1 2 3 |  3.5
Invocations    | 1 2 3 |  3.9
Armour         | 3 4 |  4.4

Action                   |  1- 3 |  4- 6 |  7- 9 || total
-------------------------+-------+-------+-------++-------
Melee: Long sword        |    51 |    53 |   119 ||   223
       Bite              |    20 |    23 |    74 ||   117
       Scimitar          |       |       |    57 ||    57
Invok: Recite            |       |     2 |    13 ||    15
  Use: Potion            |     1 |       |     2 ||     3
 Stab: Invisible         |       |       |     1 ||     1
Armor: Scale mail        |    19 |    11 |    27 ||    57
       Plate armour      |       |       |    91 ||    91
       Skin              |       |       |     9 ||     9
Dodge: Dodged            |    16 |    13 |    50 ||    79
Block: Kite shield       |    23 |    19 |    72 ||   114
       Rpst.: Long sword |     6 |     5 |    12 ||    23
       Scimitar          |       |       |     4 ||     4

Table legend: (Time is in decaauts)
 A = Elapsed time spent in this place.
 B = Non-inter-level travel time spent in this place.
 C = Inter-level travel time spent in this place.
 D = Time resting spent in this place.
 E = Time spent auto-exploring this place.
 F = Levels seen in this place.
 G = Mean time per level.
                   A        B        C        D        E       F      G
               +--------+--------+--------+--------+--------+-----+--------+
         Total |   3827 |   3737 |     90 |    681 |   2072 |   6 |  637.8 |
       Dungeon |   3827 |   3737 |     90 |    681 |   2072 |   6 |  637.8 |
               +--------+--------+--------+--------+--------+-----+--------+

Top non-repeatable levels by time:
     D:4: 1206 daAuts
     D:3: 926 daAuts
     D:6: 731 daAuts
     D:5: 641 daAuts
     D:2: 250 daAuts
     D:1: 70 daAuts
